 Dungeon Crawl Stone Soup version 0.23-b1-13-gf37ab262a9 (webtiles) character file.

Game seed: 10404756451401595365

387 LostNumber the Grasshopper (level 6, 0/51 HPs)
             Began as a Gnoll Warper on Feb 2, 2019.
             Succumbed to a water moccasin's poison
             ... on level 5 of the Dungeon.
             The game lasted 00:07:39 (3966 turns).

LostNumber the Grasshopper (Gnoll Warper)           Turns: 3966, Time: 00:07:39

Health: 0/51       AC:  3    Str: 21    XL:     6   Next: 78%
Magic:  14/14      EV: 10    Int: 20    God:
Gold:   167        SH:  0    Dex: 17    Spells: 5/15 levels left

rFire    . . .     SeeInvis .   u - +1 hand axe (chop)
rCold    . . .     Gourm    .   (no shield)
rNeg     . . .     Faith    .   x - +1 chain mail
rPois    .         Spirit   .   o - +0 helmet
rElec    .         Reflect  .   y - scarf {repulsion}
rCorr    .         Harm     .   (no gloves)
MR       .....     Rnd*Tele +   (no boots)
Stlth    ..........             (no amulet)
HPRegen  0.17/turn              g - ring of teleportation (curse)
MPRegen  0.14/turn              p - +3 ring of dexterity

@: mighty, brilliant, lethally poisoned (0 -> -8), corroded, flying, repel
missiles
A: distributed training, fangs 1, strong nose
a: no special abilities


You were on level 5 of the Dungeon.
You were not hungry.

You visited 1 branch of the dungeon, and saw 5 of its levels.

You collected 167 gold pieces.

Inventory:

Hand Weapons
 a - a +0 falchion
 s - a +3 whip
 u - a +1 hand axe of chopping (weapon)
 z - a +0 long sword of holy wrath
Missiles
 e - 5 tomahawks of dispersal (quivered)
 B - 6 tomahawks
Armour
 b - a +0 leather armour
 o - a +0 helmet (worn)
 x - a +1 chain mail (worn)
 y - a scarf of repulsion (worn)
Jewellery
 g - a cursed ring of teleportation (left hand)
 j - a +4 ring of strength
 m - an uncursed ring of magical power
 p - a +3 ring of dexterity (right hand)
 v - an uncursed amulet of the acrobat {unknown}
 A - the ring "Jaonuifa" {rElec EV+2, unknown}
   (You found it on level 4 of the Dungeon)

   [ring of evasion]

   It affects your evasion (+2).
   It insulates you from electricity.
Scrolls
 d - a scroll of blinking
 i - 7 scrolls of identify
 t - a scroll of fear
 C - a scroll of amnesia
Potions
 c - a potion of might
 n - a potion of haste {unknown}
 q - a potion of berserk rage {unknown}
 r - a potion of curing {unknown}
 w - a potion of degeneration {unknown}
Comestibles
 f - 6 rations


   Skills:
 + Level 5.0 Fighting
 + Level 2.1 Short Blades
 + Level 5.0 Long Blades
 + Level 2.1 Axes
 + Level 2.1 Maces & Flails
 + Level 2.1 Polearms
 + Level 2.1 Staves
 + Level 2.1 Slings
 + Level 2.1 Bows
 + Level 2.1 Crossbows
 + Level 3.3 Throwing
 + Level 3.3 Armour
 + Level 5.0 Dodging
 + Level 2.1 Stealth
 + Level 2.1 Shields
 + Level 2.1 Unarmed Combat
 + Level 5.4 Spellcasting
 + Level 1.6 Conjurations
 + Level 1.6 Hexes
 + Level 1.6 Charms
 + Level 1.6 Summonings
 + Level 1.6 Necromancy
 + Level 5.7 Translocations
 + Level 1.6 Transmutations
 + Level 1.6 Fire Magic
 + Level 1.6 Ice Magic
 + Level 1.6 Air Magic
 + Level 1.6 Earth Magic
 + Level 1.6 Poison Magic
 + Level 2.3 Invocations
 + Level 2.1 Evocations


You had 5 spell levels left.
You knew the following spells:

 Your Spells              Type           Power        Failure   Level  Hunger
a - Blink                 Tloc           N/A          1%          2    None
b - Shroud of Golubria    Chrm/Tloc      ####......   4%          2    None
c - Lesser Beckoning      Tloc           #####.....   3%          3    ##.....
d - Teleport Other        Tloc           #####...     3%          3    ##.....

Your spell library contained the following spells:

 Spells                   Type           Power        Failure   Level  Hunger
 Gell's Gravitas          Tloc           #####.....   3%          3    ##.....
 Passage of Golubria      Tloc           N/A          11%         4    ####...


Dungeon Overview and Level Annotations

Branches:
Dungeon (5/15)
 Temple: D:4-7

Altars:
Vehumet

Shops:
D:4 [


Innate Abilities, Weirdness & Mutations

Your experience applies equally to all skills.
You have very sharp teeth.
Your uncanny sense of smell can sniff out nearby items.


Message History

The water moccasin closely misses you. The hound bites you but does no damage.
Unknown command.
You hit the water moccasin. You punch the water moccasin!
Your bite misses the water moccasin.
The water moccasin is severely wounded.
You miss the hound.
You feel sick. The hound bites you.
* * * LOW HITPOINT WARNING * * *
The water moccasin closely misses you. The hound bites you but does no damage.
The water moccasin closely misses you.
You closely miss the water moccasin.
The water moccasin is severely wounded.
You closely miss the hound.
* * * LOW HITPOINT WARNING * * *
You feel sick. The hound barely misses you. The water moccasin bites you!
* * * LOW HITPOINT WARNING * * *
The hound bites you but does no damage.
You hit the water moccasin.
The water moccasin is almost dead.
You hit the hound.
You die...

#.......#... ...#.# #.
.....#.#########..#.# #.
.#^ #.###.....#..#.# #.
#.....###.#..#.# #.
#####.# #....#.###. ###
###......#.
.......#.....
.###.###########.#..#.##
......h@SJ# #.#.....#
.####.###.######.#..#..#
........=....#.##.#..#
..............+....#..#
.####.####.....####+#..#
# #.............#
.................#
................
.#..............


You could see a water moccasin, a hound and a jelly.

Vanquished Creatures
  An ogre (D:4)
  5 orc wizards
  A worker ant (D:4)
  2 adders
  An ooze (D:4)
  2 worms
  An adder skeleton (D:4)
  2 dart slugs (D:1)
  3 leopard geckos
  13 orcs
  15 bats
  9 giant cockroaches
  5 goblins
  4 hobgoblins
  6 jackals
  3 quokkas
  3 frilled lizards
  9 kobolds
  7 rats
92 creatures vanquished.

Notes
Turn   | Place    | Note
-------+----------+-------------------------------------------
     0 | D:1      | LostNumber the Gnoll Warper began the quest for the Orb.
     0 | D:1      | Reached XP level 1. HP: 20/20 MP: 6/6
    97 | D:1      | Reached XP level 2. HP: 24/26 MP: 7/7
   543 | D:1      | Reached XP level 3. HP: 27/31 MP: 9/9
   601 | D:1      | Reached skill level 5 in Spellcasting
   672 | D:1      | Learned a level 2 spell: Blink
   675 | D:1      | Learned a level 2 spell: Shroud of Golubria
   679 | D:1      | Learned a level 3 spell: Lesser Beckoning
   683 | D:1      | Learned a level 3 spell: Teleport Other
  1183 | D:2      | Reached skill level 1 in Invocations
  1532 | D:3      | Reached skill level 1 in Short Blades
  1532 | D:3      | Reached skill level 1 in Axes
  1532 | D:3      | Reached skill level 1 in Maces & Flails
  1532 | D:3      | Reached skill level 1 in Polearms
  1532 | D:3      | Reached skill level 1 in Staves
  1532 | D:3      | Reached skill level 1 in Slings
  1532 | D:3      | Reached skill level 1 in Bows
  1532 | D:3      | Reached skill level 1 in Crossbows
  1532 | D:3      | Reached skill level 1 in Stealth
  1532 | D:3      | Reached skill level 1 in Shields
  1532 | D:3      | Reached skill level 1 in Unarmed Combat
  1532 | D:3      | Reached skill level 1 in Evocations
  1547 | D:3      | Reached XP level 4. HP: 36/38 MP: 11/11
  1601 | D:3      | Found a radiant altar of Vehumet.
  2225 | D:2      | Reached skill level 1 in Conjurations
  2225 | D:2      | Reached skill level 1 in Hexes
  2225 | D:2      | Reached skill level 1 in Charms
  2225 | D:2      | Reached skill level 1 in Summonings
  2225 | D:2      | Reached skill level 1 in Necromancy
  2225 | D:2      | Reached skill level 1 in Transmutations
  2225 | D:2      | Reached skill level 1 in Fire Magic
  2225 | D:2      | Reached skill level 1 in Ice Magic
  2225 | D:2      | Reached skill level 1 in Air Magic
  2225 | D:2      | Reached skill level 1 in Earth Magic
  2225 | D:2      | Reached skill level 1 in Poison Magic
  2279 | D:2      | Reached XP level 5. HP: 34/43 MP: 12/12
  3091 | D:4      | Reached XP level 6. HP: 50/50 MP: 13/13
  3271 | D:4      | Found Jifaris's Armour Emporium.
  3472 | D:4      | Reached skill level 5 in Fighting
  3472 | D:4      | Reached skill level 5 in Long Blades
  3472 | D:4      | Reached skill level 5 in Dodging
  3524 | D:4      | Got a faintly glowing marble ring
  3800 | D:5      | Entered Level 5 of the Dungeon
  3948 | D:5      | Noticed a water moccasin
  3961 | D:5      | HP: 2/51 [hound (4)]
  3966 | D:5      | Succumbed to a water moccasin's poison

Skill      XL: |  1  2  3  4  5  6 |
---------------+-------------------+-----
Spellcasting   | 5 |  5.4
Invocations    | 1 2 |  2.3
Short Blades   | 1 2 |  2.1
Axes           | 1 2 |  2.1
Maces & Flails | 1 2 |  2.1
Polearms       | 1 2 |  2.1
Staves         | 1 2 |  2.1
Slings         | 1 2 |  2.1
Bows           | 1 2 |  2.1
Crossbows      | 1 2 |  2.1
Stealth        | 1 2 |  2.1
Shields        | 1 2 |  2.1
Unarmed Combat | 1 2 |  2.1
Evocations     | 1 2 |  2.1
Conjurations   | 1 |  1.6
Hexes          | 1 |  1.6
Charms         | 1 |  1.6
Summonings     | 1 |  1.6
Necromancy     | 1 |  1.6
Transmutations | 1 |  1.6
Fire Magic     | 1 |  1.6
Ice Magic      | 1 |  1.6
Air Magic      | 1 |  1.6
Earth Magic    | 1 |  1.6
Poison Magic   | 1 |  1.6
Throwing       | 3 |  3.3
Armour         | 3 |  3.3
Fighting       | 5 |  5.0
Long Blades    | 5 |  5.0
Dodging        | 5 |  5.0
Translocations | |  5.7

Action                   |  1- 3 |  4- 6 || total
-------------------------+-------+-------++-------
Melee: Falchion          |    90 |       ||    90
       Bite              |    12 |    29 ||    41
       Whip              |    17 |    94 ||   111
       Punch             |       |     3 ||     3
       Hand axe          |       |   122 ||   122
 Cast: Shroud of Golubri |       |     4 ||     4
  Use: Scroll            |     3 |     4 ||     7
       Potion            |       |     5 ||     5
 Stab: Sleeping          |     3 |     2 ||     5
  Eat: Chunk             |     2 |     8 ||    10
Armor: Leather armour    |    25 |    23 ||    48
       Chain mail        |       |    86 ||    86
Dodge: Dodged            |    91 |   160 ||   251
       Rpst.: Falchion   |    26 |       ||    26
